Map: Port Aleksander LE

Players

Gerald

  • Race: Protoss Protoss
  • Spawn Location: 11:00

DnS - Winner!

  • Race: Protoss Protoss
  • Spawn Location: 5:00

Event: 2019 WCS Spring

VOD

Have the link to the VOD?

Description

Time

  • Played on: May 17, 2019, 10:23 a.m.
  • Length: 9:22

All games in this series

Show
View Real Time Build Order
Export as new Build Order

Gerald Protoss 

Build Orders:  

Get SALT Encoding   

  12  0:00  Probe  
  13  0:12  Probe  
  14  0:18  Pylon  
  14  0:23  Probe  
  15  0:32  Probe  
  15  0:38  Gateway  
  15  0:41  Probe  
  16  0:47  Assimilator  
  17  0:53  Probe  
  17  0:56  Assimilator  
  18  1:03  Probe  
  18  1:10  Gateway  
  19  1:11  Probe  
  20  1:20  Probe  
  21  1:26  Cybernetics Core  
  21  1:32  Probe  
  22  1:35  Pylon  
  22  1:44  Probe  
  22  1:46  Pylon  
  23  1:49  Pylon  
  23  1:56  Probe  
  24  2:03  Adept x2  
  24  2:06  Warp Gate  
  28  2:19  Robotics Facility  
  28  2:25  Probe  
  29  2:33  Stalker  
  31  2:39  Stalker  
  32  2:54  Gateway  
  32  2:58  Immortal  
  36  3:13  Pylon  
  36  3:20  Stalker  
  38  3:30  Warp Prism  
  40  3:55  Stalker x2  
  44  3:59  Sentry  
  46  4:15  Shield Battery  
  42  4:17  Stargate  
  42  4:21  Stalker  
  44  4:25  Stalker  
  44  4:34  Probe  
  45  4:50  Stalker  
  47  4:56  Pylon  
  47  4:58  Phoenix  
  47  5:05  Probe  
  45  5:18  Probe  
  46  5:26  Immortal  
  50  5:45  Stalker  
  50  5:46  Sentry  
  50  5:47  Probe  
  53  5:58  Pylon  
  45  6:15  Stalker x2, Sentry  
  35  6:48  Probe  
  34  6:54  Phoenix  
  34  6:58  Sentry  
  34  7:00  Probe  
  38  7:17  Zealot x2  
  38  7:20  Twilight Council  
  38  7:21  Phoenix  
  40  7:26  Pylon  
  41  7:33  Zealot  
  42  7:41  Zealot  
  42  7:45  Zealot  
  36  8:02  Zealot  
  36  8:04  Phoenix  
  40  8:15  Zealot  
  42  8:23  Zealot  
  42  8:24  Phoenix  
  46  8:53  Pylon  
  46  8:54  Zealot  
  46  8:55  Zealot  
Show
View Real Time Build Order
Export as new Build Order

DnS Protoss - Winner!

Build Orders: Oracle Opening, Phoenix Opening 

Get SALT Encoding   

  12  0:00  Probe  
  13  0:12  Probe  
  14  0:17  Pylon  
  14  0:24  Probe  
  15  0:32  Probe  
  15  0:37  Gateway  
  15  0:40  Probe  
  16  0:46  Assimilator  
  17  0:51  Probe  
  17  0:55  Assimilator  
  18  1:00  Probe  
  19  1:09  Probe, Gateway  
  20  1:18  Probe  
  21  1:25  Cybernetics Core  
  21  1:30  Probe  
  22  1:37  Pylon  
  22  1:42  Probe  
  23  1:55  Probe  
  24  2:02  Stalker  
  24  2:03  Sentry, Warp Gate  
  28  2:16  Pylon  
  28  2:29  Stargate  
  28  2:36  Phoenix  
  28  2:38  Stalker  
  30  2:51  Nexus  
  30  2:54  Probe  
  31  3:03  Shield Battery  
  31  3:07  Stalker  
  31  3:10  Oracle  
  31  3:11  Probe  
  37  3:23  Shield Battery  
  36  3:39  Oracle  
  36  3:40  Pylon  
  36  3:53  Shield Battery  
  36  3:54  Shield Battery  
  36  3:55  Pylon  
  39  4:03  Pylon  
  39  4:05  Stalker x2  
  40  4:12  Probe  
  39  4:24  Robotics Facility  
  39  4:39  Stalker  
  39  4:40  Zealot  
  43  4:48  Shield Battery  
  43  4:56  Gateway  
  43  4:58  Pylon  
  43  5:01  Sentry  
  45  5:08  Immortal  
  46  5:29  Adept  
  46  5:32  Phoenix, Pylon  
  50  5:36  Warp Prism  
  52  5:53  Sentry  
  52  6:11  Probe  
  51  6:22  Stalker x2  
  51  6:46  Stalker x2  
  51  6:50  Stalker, Sentry  
  49  6:57  Immortal  
  52  7:08  Probe  
  52  7:13  Stalker x2  
  57  7:29  Nexus  
  57  7:34  Probe  
  57  7:35  Pylon  
  58  7:39  Sentry  
  60  7:45  Observer  
  60  7:46  Probe  
  58  8:02  Stalker  
  58  8:04  Probe  
  59  8:17  Probe  
  60  8:28  Sentry  
  60  8:29  Stalker  
  60  8:32  Gateway  
  64  8:42  Shield Battery  
  64  8:44  Shield Battery  
  64  8:55  Stalker, Sentry  
Tags
 
Add a new tag
Caveats
  • Supply blocks, unpowered buildings, or Contaminate may cause inaccurate times.
  • Supply counts are checked every 10 seconds.